 Dungeon Crawl Stone Soup version 0.24.0-13-gcf9b3192b9 (webtiles) character file.

Game seed: 3538822587023219112, levelgen mode: deterministic

2254 Acheron the Chopper (level 9, 0/79 HPs)
             Began as a Minotaur Berserker on Nov 6, 2019.
             Was a Priest of Trog.
             Killed from afar by Erica (15 damage)
             ... with a bolt of poison
             ... on level 9 of the Dungeon.
             The game lasted 00:29:31 (6773 turns).

Acheron the Chopper (Minotaur Berserker)            Turns: 6773, Time: 00:29:32

Health: 0/79       AC: 10    Str: 22    XL:     9   Next: 15%
Magic:  8/8        EV: 12    Int:  7    God:    Trog [***...]
Gold:   334        SH:  4    Dex: 10    Spells: 8/8 levels left

rFire    . . .     SeeInvis .   a - +1 hand axe
rCold    . . .     Gourm    .   (no shield)
rNeg     . . .     Faith    .   m - +0 scale mail
rPois    .         Spirit   .   z - +0 hat
rElec    .         Reflect  +   (no cloak)
rCorr    .         Harm     .   v - +0 pair of gloves
MR       .....                  k - +0 pair of boots
Stlth    +.........             H - +4 amulet of reflection
HPRegen  0.23/turn              (no ring)
MPRegen  0.11/turn              (no ring)

@: lethally poisoned (0 -> -10), hasted, very quick
A: retaliatory headbutt, horns 2
a: Berserk, Trog's Hand, Renounce Religion


You were on level 9 of the Dungeon.
You worshipped Trog.
Trog was most pleased with you.
You were not hungry.

You visited 2 branches of the dungeon, and saw 10 of its levels.
You also visited: Sewer.

You collected 345 gold pieces.
You spent 11 gold pieces at shops.

Inventory:

Hand Weapons
 a - a +1 hand axe (weapon)
 d - a +2 long sword of holy wrath
 B - a +2 flail of protection
 C - a +2 trident of venom
 E - a +2 flail of protection
Missiles
 f - 185 stones
 w - 46 poisoned darts (quivered)
 A - 13 boomerangs
 D - 5 javelins
Armour
 k - a +0 pair of boots (worn)
 m - a +0 scale mail (worn)
 v - a +0 pair of gloves (worn)
 z - a +0 hat (worn)
Jewellery
 i - a cursed ring of attention {unknown}
 n - an uncursed amulet of the acrobat
 s - an uncursed ring of positive energy {unknown}
 H - a +4 amulet of reflection (around neck)
Scrolls
 h - a scroll of teleportation
 p - a scroll of remove curse
 q - 4 scrolls of identify
 r - a scroll of blinking
 u - a scroll of fog
 y - a scroll of fear
 F - a scroll of random uselessness {unknown}
Potions
 j - 2 potions of invisibility
 l - 2 potions of lignification {unknown}
 o - 3 potions of haste
 t - a potion of curing {unknown}
 x - a potion of heal wounds {unknown}
Comestibles
 c - 11 rations


   Skills:
 * Level 7.4 Fighting
 + Level 7.9 Axes
 * Level 4.3 Throwing
 + Level 5.9 Armour
 * Level 5.4 Dodging
 * Level 4.0 Stealth


You had 8 spell levels left.
You didn't know any spells.
Your spell library was empty.

Dungeon Overview and Level Annotations

Branches:
Dungeon (9/15)             Temple (1/1) D:7           Sewer (visited)
   Lair: D:8-11         Orc: D:9-12

Altars:
Ashenzari
Cheibriados
Dithmenos
Elyvilon
Hepliaklqana
Kikubaaqudgha
Makhleb
Nemelex Xobeh
Okawaru
Ru
Sif Muna
Trog
Uskayaw
Wu Jian
Xom
Yredelemnul
Zin
The Shining One

Shops:
D:5 *

Annotations:
D:6 1 runed translucent door
D:7 exclusion: downstairs
D:8 Pikel
D:9 Erica


Innate Abilities, Weirdness & Mutations

You reflexively headbutt those who attack you in melee.
You have a pair of horns on your head.


Message History

Your scale mail prevents you from hitting something.
You barely miss something. You block something's attack.
Your scale mail prevents you from hitting something.
Something hits you.
* * * LOW HITPOINT WARNING * * *
Something burns you.
* * * LOW HITPOINT WARNING * * *
You feel yourself speed up.
You feel sick. Something hits you.
* * * LOW HITPOINT WARNING * * *
Something burns you.
* * * LOW HITPOINT WARNING * * *
Found a throwing net.
Found a stone staircase leading down.
Found 20 gold pieces.
You feel sick.
Found a stone staircase leading down.
You hear some strange, mumbled words.
A bolt of poison appears from out of thin air!
The bolt of poison hits you!
You are more poisoned.
You die...

.............
....%......
#......... #.<.......
#.(....... #.........
#.$.......
############.........
.......@.............
...(.............(...
.>$..................
###>.################
#.. #. #


There were no monsters in sight!

Vanquished Creatures
  Menkaure (D:6)
  Purgy (Sewer)
  A sky beast (D:6)
  A slave (D:9)
  3 ogres
  5 centaurs
  4 bullfrogs
  2 gnoll sergeants
  A scorpion (D:5)
  A wyvern skeleton (D:7)
  A water moccasin skeleton (D:5)
  2 howler monkeys
  2 bullfrog zombies
  2 hounds
  2 orc priests (D:6)
  A jelly (D:8)
  An orc wizard (D:6)
  An iguana (D:7)
  5 worker ants
  3 hound skeletons
  12 gnolls
  6 adders
  A shadow imp (D:7)
  An adder skeleton (D:5)
  2 worms
  6 leopard geckos
  23 orcs
  2 ball pythons
  6 bats
  8 giant cockroaches
  6 goblins
  8 hobgoblins
  4 jackals (D:5)
  2 quokkas
  7 frilled lizards
  11 kobolds
  2 rats
147 creatures vanquished.

Notes
Turn   | Place    | Note
-------+----------+-------------------------------------------
     0 | D:1      | Acheron the Minotaur Berserker began the quest for the Orb.
     0 | D:1      | Reached XP level 1. HP: 19/19 MP: 0/0
   251 | D:3      | Found a glowing drain.
   253 | D:3      | Reached XP level 2. HP: 27/27 MP: 1/1
   300 | Sewer    | Entered a sewer
   384 | Sewer    | Noticed Purgy
   391 | Sewer    | Killed Purgy
   391 | Sewer    | Reached skill level 5 in Fighting
   391 | Sewer    | Reached skill level 1 in Throwing
   391 | Sewer    | Reached skill level 1 in Stealth
   391 | Sewer    | Reached XP level 3. HP: 23/36 MP: 2/2
   391 | Sewer    | Reached XP level 4. HP: 27/42 MP: 3/3
   708 | D:2      | Reached ** piety under Trog
   974 | D:1      | Reached XP level 5. HP: 48/48 MP: 4/4
  1617 | D:3      | Found a burning altar of Makhleb.
  2038 | D:5      | Entered Level 5 of the Dungeon
  2060 | D:5      | Reached XP level 6. HP: 49/56 MP: 5/5
  2069 | D:5      | Reached skill level 5 in Axes
  2226 | D:3      | Reached *** piety under Trog
  3068 | D:5      | Reached XP level 7. HP: 62/62 MP: 6/6
  3213 | D:5      | Found Qaroelau's General Store.
  3221 | D:5      | Bought a scroll of noise for 11 gold pieces
  3479 | D:6      | Received a gift from Trog
  3482 | D:6      | Noticed Menkaure
  3486 | D:6      | Killed Menkaure
  3667 | D:6      | Reached XP level 8. HP: 56/71 MP: 7/7
  3961 | D:8      | Noticed Erica
  4026 | D:7      | Found a staircase to the Ecumenical Temple.
  4035 | Temple   | Entered the Ecumenical Temple
  4531 | D:7      | Reached skill level 5 in Armour
  4695 | D:7      | Reached skill level 5 in Dodging
  5088 | D:6      | Received a gift from Trog
  5289 | D:5      | Reached **** piety under Trog
  5571 | D:5      | Reached XP level 9. HP: 79/79 MP: 8/8
  5614 | D:5      | Found a glowing silver altar of Zin.
  5615 | D:5      | Found a hide-covered altar of Uskayaw.
  5714 | D:5      | Received a gift from Trog
  6061 | D:6      | Found a glowing golden altar of the Shining One.
  6061 | D:6      | Noticed an angel
  6062 | D:6      | Found a runed translucent door.
  6743 | D:8      | Noticed Pikel
  6773 | D:9      | Killed from afar by Erica

Levels and vault maps discovered:
D:1:      roderic_octagonal_star, layout_basic, item_on_display_a
D:2:      layout_loops_cross
D:3:      layout_rooms, nicolae_overflow_crystal_walls, portal_sewer_entry_f,
          first_ration
D:4:      layout_rooms
D:5:      layout_cave_pools, gammafunk_temple_overflow_wave, serial_shops, shop
D:6:      layout_basic, lemuel_angel_altar, uniq_menkaure
D:7:      layout_basic, minmay_temple_entry_purple_smoke
D:8:      layout_cave_pools, vehumet_crystals, lair_entry_dummy, uniq_pikel,
          uniq_maurice, uniq_erica
D:9:      layout_long_grid, nicolae_overflow_hidden_temple, orc_0_dummy,
          serial_shops, nicolae_shop_stone, kennysheep_mini, shop, uniq_erolcha
Temple:   regret_index_temple_waves

Skill      XL: |  1  2  3  4  5  6  7  8  9 |
---------------+----------------------------+-----
Fighting       | 5 6 7 |  7.4
Axes           | 4 5 6 7 |  7.9
Throwing       | 1 2 3 4 |  4.3
Dodging        | 3 4 5 |  5.4
Stealth        | 1 2 3 4 |  4.0
Armour         | 3 4 5 |  5.9

Action                   |  1- 3 |  4- 6 |  7- 9 || total
-------------------------+-------+-------+-------++-------
Melee: Hand axe          |    50 |   127 |   233 ||   410
       Headbutt          |     8 |    15 |    49 ||    72
Throw: Dart              |       |     6 |     8 ||    14
Invok: Berserk           |     1 |       |     1 ||     2
  Use: Scroll            |     1 |    12 |     3 ||    16
       Potion            |       |       |     1 ||     1
 Stab: Sleeping          |     1 |     1 |       ||     2
       Fleeing           |       |     1 |       ||     1
       Distracted        |       |       |     1 ||     1
  Eat: Chunk             |       |     4 |    13 ||    17
       Ration            |       |     1 |       ||     1
Armor: Animal skin       |     5 |     3 |       ||     8
       Scale mail        |       |    54 |    85 ||   139
Dodge: Dodged            |    34 |   108 |   123 ||   265
Block: Other             |       |       |     4 ||     4
       Reflection        |       |       |     3 ||     3
